 Dungeon Crawl Stone Soup version 0.29.1-13-g9f3cf754e1 (webtiles) character file.

Game seed: 6609785794081179229

5902 H0rd4k the Thaumaturge (level 10, -3/69 HPs)
             Began as an Octopode Artificer on Jan 30, 2023.
             Was an Initiate of Gozag.
             Slain by an orc warrior
             ... wielding a +0 halberd
              (12 damage)
             ... on level 9 of the Dungeon.
             The game lasted 00:17:03 (8759 turns).

H0rd4k the Thaumaturge (Octopode Artificer)         Turns: 8759, Time: 00:17:04

Health: -3/69      AC:  1    Str: 11    XL:     10   Next: 82%
Magic:  24/32      EV: 13    Int: 24    God:    Gozag
Gold:   525        SH:  0    Dex: 13    Spells: 14/27 levels left

rFire   + . .      SeeInvis +     - Unarmed
rCold   x . .      Faith    .   (no shield)
rNeg    . . .      Spirit   .   (helmet restricted)
rPois   .          Reflect  .   s - amulet of regeneration
rElec   .          Harm     .   m - ring of fire
rCorr   .          Rampage  .   t - ring of see invisible
Will    .....                   C - +4 ring of slaying
Stlth   +++.......              y - ring of magical power
HPRegen 1.01/turn               o - +6 ring of intelligence
MPRegen 0.23/turn               (no ring)
                                (no ring)
                                (no ring)

@: lethally poisoned (-3 -> -6), marked, gold aura, slowed, very slow
A: almost no armour, amphibious, 8 rings, camouflage 1, gelatinous body 1,
(nimble swimmer 1), tentacles
a: Renounce Religion, Potion Petition, Call Merchant, Bribe Branch


You were on level 9 of the Dungeon.
You worshipped Gozag.
Gozag was pleased with you.
You visited 2 branches of the dungeon, and saw 10 of its levels.

You collected 674 gold pieces.
You paid 149 gold pieces to Gozag.

Inventory:

Missiles
 n - 21 poisoned darts
Jewellery
 m - a ring of fire (left tentacle)
 o - a +6 ring of intelligence (on tentacle)
 s - an amulet of regeneration (around mantle)
 t - a ring of see invisible (right tentacle)
 y - a ring of magical power (on tentacle)
 C - a +4 ring of slaying (on tentacle)
Wands
 c - a wand of charming (1)
Scrolls
 a - 4 scrolls of identify
 g - a scroll of blinking {unknown}
 h - a scroll of magic mapping {unknown}
 i - a scroll of torment
 j - a scroll of poison
 k - a scroll of fog
 r - 4 scrolls of vulnerability {unknown}
 v - 8 scrolls of enchant armour
 w - a scroll of immolation {unknown}
Potions
 b - 2 potions of flight
 d - 3 potions of resistance
 e - 2 potions of magic
 f - 3 potions of degeneration
 l - 3 potions of ambrosia
 q - a potion of heal wounds {unknown}
 u - 3 potions of brilliance
 x - 4 potions of curing
 z - 2 potions of might
 A - 2 potions of invisibility {unknown}
 B - a potion of attraction {unknown}
 D - 2 potions of berserk rage {unknown}


   Skills:
 - Level 6.9 Fighting
 - Level 2.3 Dodging
 - Level 1.3 Stealth
 - Level 7.1 Unarmed Combat
 * Level 9.4 Spellcasting
 + Level 3.2 Hexes
 + Level 4.9 Summonings
 + Level 0.4 Fire Magic
 + Level 2.6 Air Magic
 - Level 3.2 Evocations


You had 14 spell levels left.
You knew the following spells:

 Your Spells              Type           Power      Damage    Failure   Level
a - Call Canine Familiar  Summ           35%        N/A       2%          3
b - Summon Guardian Gole  Hex/Summ       30%        N/A       3%          3
c - Summon Lightning Spi  Summ/Air       29%        N/A       12%         4
d - Inner Flame           Hex/Fire       30%        N/A       8%          3

Your spell library contained the following spells:

 Spells                   Type           Power      Damage    Failure   Level
 Summon Small Mammal      Summ           100%       N/A       1%          1
 Tukima's Dance           Hex            26%        N/A       4%          3
 Mephitic Cloud           Conj/Pois/Air  15%        N/A       12%         3
 Cause Fear               Hex            13%        N/A       14%         4
 Ignite Poison            Fire/Tmut/Pois 17%        N/A       16%         3
 Airstrike                Air            11%        2d(2-18)  19%         4
 Passage of Golubria      Tloc           11%        N/A       50%         4
 Yara's Violent Unravell  Hex/Tmut       9%         3d6       63%         5
 Lightning Bolt           Conj/Air       8%         1d21      67%         5
 Freezing Cloud           Conj/Ice/Air   7%         6-21      73%         5
 Discord                  Hex            13%        N/A       100%        8


Dungeon Overview and Level Annotations

Branches:
Dungeon (9/15)             Temple (1/1) D:4            Lair (0/5) D:8
    Orc: D:9-12

Altars:
Ashenzari
Cheibriados
Dithmenos
Elyvilon
Fedhas
Gozag
Hepliaklqana
Kikubaaqudgha
Makhleb
Nemelex Xobeh
Okawaru
Qazlal
Ru
Trog
Uskayaw
Vehumet
Wu Jian
Xom
Yredelemnul
Zin
Lugonu

Annotations:
D:3 1 runed translucent door, exclusion: door, Henri's ghost, amateur SpAM
D:5 exclusion: downstairs
D:7 exclusion: downstairs
D:9 1 transporter


Innate Abilities, Weirdness & Mutations

You cannot wear most types of armour.
You are amphibious.
You can wear up to eight rings at the same time.
Your skin changes colour to match your surroundings (Stealth+).
Your rubbery body absorbs attacks. (AC +1, EV +1)
((You are camouflaged when in or above water. (Stealth+)))
You have tentacles for arms and can constrict up to eight enemies at once.


Message History

You swap places.
You feel sick.
The killer bee stings your lightning spire but does no damage.
The killer bee stings you. The hornet stings you!!
You are more poisoned.
You feel yourself slow down.
Your lightning spire shoots out a bolt of lightning at the killer bee!
The bolt of electricity hits the killer bee!
Your hound bites the hornet.
The killer bee barely misses you.
The killer bee stings your lightning spire but does no damage.
You closely miss the hornet. Your grab misses the hornet.
Your squeeze misses the hornet.
The hornet is severely wounded.
You feel yourself speed up.
You feel very sick.
The killer bee stings your lightning spire but does no damage.
The killer bee closely misses you. The hornet closely misses you.
Your hound bites the hornet.
The killer bee is distracted by your dazzling golden aura.
The killer bee stings your lightning spire but does no damage.
The orc wizard is distracted by your dazzling golden aura.
The hornet misses you.
Your hound bites the hornet.
Your lightning spire shoots out a bolt of lightning at the killer bee!
The bolt of electricity hits the killer bee!
The killer bee dies!
The killer bee buzzes angrily.
Unknown command.
As you read the scroll labelled JEN PISEUCUS, it crumbles to dust.
It is a scroll of enchant armour.
You aren't carrying any armour which can be enchanted further.
You feel very sick.
The orc wizard is no longer distracted by gold.
The hornet stings you!
* * * LOW HITPOINT WARNING * * *
You feel yourself slow down.
Your hound bites the hornet.
The hornet stings your hound!
Your hound is poisoned.
Your hound seems to slow down.
Your hound bites the hornet.
The orc warrior hits you from afar with a +0 halberd!
You die...
Your body crumbles into a pile of gold.

### #.#########
#.......... #..........
#.......... #..........
##############..........
.......@y8..............
.......hy9$.............
.....oo...).............
...........####.........
.....####### #+##+###..
..... #.. .... ##. ##..
#. #. #.


You could see a hornet (distracted, ally target), an orc warrior, a killer bee,
an orc wizard, a friendly guardian golem (summoned), a friendly lightning spire
(summoned, sheltered) and a friendly hound (summoned, sheltered, very poisoned,
slow).

Vanquished Creatures
  Pikel (D:5)
  Maurice (D:8)
  A wyvern (D:5)
  A yak (D:8)
  An acid dragon (D:4)
  An ice beast (D:8)
  An ogre (D:5)
  3 wolves (D:8)
  2 phantoms (D:5)
  3 bullfrogs
  3 necrophages
  2 scorpions
  4 wights (D:8)
  A killer bee (D:9)
  A nameless horror (D:6)
  2 electric eels (D:8)
  A howler monkey (D:5)
  2 jellies
  5 hounds
  3 orc priests
  3 iguanas
  4 adders
  3 white imps
  An ufetubus (D:5)
  2 worms
  A dart slug (D:1)
  18 orcs
  2 endoplasms
  5 giant cockroaches
  4 goblins
  4 hobgoblins
  12 jackals
  4 quokkas
  10 ball pythons
  6 bats
  2 frilled lizards (D:1)
  13 kobolds
  3 rats
136 creatures vanquished.

Vanquished Creatures (collateral kills)
  An ogre (D:7)
  A wolf (D:8)
  A scorpion (D:6)
  2 killer bees
  A hound (D:5)
  A shadow imp (D:7)
  An ufetubus (D:5)
  5 orcs
13 creatures vanquished.

Vanquished Creatures (others)
  5 dream sheep (D:3)
  5 yaks (D:8)
  Grum (D:8)
  An ice beast (D:6)
  4 wolves (D:8)
  A centaur (D:8)
  A kobold brigand (D:8)
  A wight (D:8)
  5 killer bees (D:7)
  3 howler monkeys (D:8)
  A gnoll bouda (D:7)
  An orc priest (D:6)
  An orc wizard (D:8)
  3 gnolls (D:7)
  A white imp (D:7)
  4 orcs (D:8)
38 creatures vanquished.

Grand Total: 187 creatures vanquished

Notes
Turn   | Place    | Note
-------+----------+-------------------------------------------
     0 | D:1      | H0rd4k the Octopode Artificer began the quest for the Orb.
     0 | D:1      | Reached XP level 1. HP: 13/13 MP: 1/1
   221 | D:1      | Reached XP level 2. HP: 13/18 MP: 1/3
   401 | D:1      | Reached skill level 1 in Spellcasting
   812 | D:1      | Reached XP level 3. HP: 19/24 MP: 4/4
  1034 | D:1      | Reached skill level 1 in Unarmed Combat
  2082 | D:3      | Reached XP level 4. HP: 29/29 MP: 6/6
  2091 | D:3      | Found a runed translucent door.
  2094 | D:3      | Noticed Henri's ghost (amateur SpAM)
  2310 | D:3      | Found a stormy altar of Qazlal.
  2390 | D:3      | Found a white marble altar of Elyvilon.
  2488 | D:3      | Noticed a dream sheep
  2488 | D:3      | Noticed a dream sheep
  2488 | D:3      | Noticed a dream sheep
  2488 | D:3      | Noticed a dream sheep
  2488 | D:3      | Noticed a dream sheep
  2488 | D:3      | Found a shimmering altar of Xom.
  2489 | D:3      | Killed a dream sheep
  2489 | D:3      | Killed a dream sheep
  2489 | D:3      | Killed a dream sheep
  2489 | D:3      | Killed a dream sheep
  2489 | D:3      | Killed a dream sheep
  2490 | D:3      | Reached skill level 5 in Unarmed Combat
  2490 | D:3      | Reached skill level 3 in Spellcasting
  2490 | D:3      | Reached XP level 5. HP: 37/37 MP: 6/10
  2490 | D:3      | Reached XP level 6. HP: 43/43 MP: 6/11
  2490 | D:3      | Reached XP level 7. HP: 48/48 MP: 6/12
  2749 | D:4      | Found a staircase to the Ecumenical Temple.
  2757 | Temple   | Entered the Ecumenical Temple
  2830 | D:4      | Noticed a +0 dagger
  2830 | D:4      | Noticed a +0 hand axe
  2833 | D:4      | Found a hide-covered altar of Uskayaw.
  2854 | D:4      | Reached XP level 8. HP: 54/54 MP: 13/13
  3042 | D:4      | Identified the +2 helmet "Beobiaf" {rElec}
  3320 | D:4      | Reached skill level 4 in Spellcasting
  3358 | D:5      | Entered Level 5 of the Dungeon
  3462 | D:5      | Found a broken altar of Ashenzari.
  3480 | D:5      | Noticed a wyvern
  3599 | D:5      | Found a hazy altar of Hepliaklqana.
  3599 | D:5      | Found a blossoming altar of Fedhas.
  3660 | D:5      | Found an opulent altar of Gozag.
  3702 | D:5      | Reached skill level 5 in Fighting
  3739 | D:5      | Noticed Pikel
  3862 | D:5      | Killed a wyvern
  3876 | D:5      | Reached skill level 5 in Spellcasting
  3978 | D:5      | Reached XP level 9. HP: 59/62 MP: 16/16
  3985 | D:5      | Learned a level 3 spell: Call Canine Familiar
  3989 | D:5      | Learned a level 3 spell: Summon Guardian Golem
  3994 | D:5      | Learned a level 4 spell: Summon Lightning Spire
  4334 | D:5      | Killed Pikel
  4335 | D:5      | Reached skill level 1 in Summonings
  4335 | D:5      | Reached skill level 1 in Air Magic
  4402 | D:5      | Found a shadowy altar of Dithmenos.
  5026 | D:6      | Identified the +1 scale mail of the Sea {rElec}
  5266 | D:6      | Found a snail-covered altar of Cheibriados.
  5747 | D:7      | Reached skill level 6 in Spellcasting
  6260 | D:7      | Reached skill level 1 in Hexes
  6673 | D:7      | Learned a level 3 spell: Inner Flame
  6738 | D:8      | Reached skill level 7 in Spellcasting
  6738 | D:8      | Reached XP level 10. HP: 42/69 MP: 20/20
  6741 | D:8      | Noticed Maurice
  6742 | D:8      | Paralysed by Maurice for 5 turns
  7045 | D:8      | Reached skill level 8 in Spellcasting
  7046 | D:8      | Found a staircase to the Lair.
  7247 | D:8      | Paralysed by Maurice for 3 turns
  7281 | D:8      | Paralysed by Maurice for 5 turns
  7288 | D:8      | Killed Maurice
  7319 | D:8      | Found an ancient bone altar of Kikubaaqudgha.
  7582 | D:5      | Became a worshipper of Gozag Ym Sagoz the Greedy
  8154 | D:8      | Reached skill level 9 in Spellcasting
  8480 | D:8      | Noticed Grum
  8489 | D:8      | Killed Grum
  8722 | D:9      | Found a transporter.
  8724 | D:9      | Noticed a hell hog
  8725 | D:9      | Noticed a toenail golem
  8759 | D:9      | Slain by an orc warrior

Illustrated notes

Levels and vault maps discovered:
D:1:      dpeg_arrival_erosion, layout_rooms, serial_bayou_lake_a
D:2:      layout_basic
D:3:      layout_basic, kb_xom_exploding_sheep, elyvilon_altar_5,
          marbit_many_paths, ebering_ghost_sewer_d
D:4:      layout_basic, dancing_weapons_uskayaw,
          minmay_temple_entry_statues_pillars
D:5:      layout_basic, gammafunk_temple_overflow_wave,
          overflow_temple_1_default, ashenzari_conservatory_becter,
          grunt_gozag_statues, uniq_pikel
D:6:      layout_cave_pools, slow_altar_2
D:7:      layout_loops_ring
D:8:      layout_basic, amcnicky_altar_gilded, erik_lair_island, uniq_grum,
          uniq_maurice
D:9:      layout_irregular_city, mainiacjoe_overflow_concentric_impassable,
          kennysheep_orc_sif_temple, gammafunk_ghost_abyssal_escape
Temple:   corrupted_temple

Skill      XL: |  1  2  3  4  5  6  7  8  9 10 |
---------------+-------------------------------+-----
Spellcasting   | 1 3 5 7 9 |  9.4
Fighting       | 2 4 6 |  6.9
Unarmed Combat | 1 5 7 |  7.1
Summonings     | 3 4 |  4.9
Air Magic      | 2 |  2.6
Hexes          | 1 3 |  3.2
Dodging        | |  2.3
Stealth        | |  1.3
Fire Magic     | |  0.4
Evocations     | |  3.2

Action                   |  1- 3 |  4- 6 |  7- 9 | 10-12 || total
-------------------------+-------+-------+-------+-------++-------
Melee: Unarmed           |   105 |    15 |   200 |    65 ||   385
       Constrict         |    37 |     4 |    39 |    16 ||    96
       Tentacles         |    24 |     4 |    57 |    16 ||   101
       Punch             |     5 |       |    11 |     5 ||    21
 Cast: Summon Guardian G |       |       |    22 |    16 ||    38
       Call Canine Famil |       |       |    10 |     6 ||    16
       Inner Flame       |       |       |     1 |       ||     1
       Summon Lightning  |       |       |       |     3 ||     3
Evoke: Wand              |       |     1 |    25 |     8 ||    34
  Use: Scroll            |       |       |       |    15 ||    15
 Stab: Sleeping          |     7 |     1 |     7 |     1 ||    16
Armor: Skin              |    22 |       |    13 |     2 ||    37
Dodge: Dodged            |    67 |     6 |   139 |    40 ||   252
